 Dungeon Crawl Stone Soup version 0.27-a0-732-ga892ba84f6 (webtiles) character file.

Game seed: 13682494088011358903

245 lunkers the Skirmisher (level 6, -1/67 HPs)
             Began as an Ogre Fighter on Mar 17, 2021.
             Was an Initiate of Okawaru.
             Slain by a scorpion (7 damage)
             ... on level 4 of the Dungeon on Mar 24, 2021.
             The game lasted 00:06:41 (4513 turns).

lunkers the Skirmisher (Ogre Fighter)               Turns: 4513, Time: 00:06:41

Health: -1/67      AC:  3    Str: 23    XL:     6   Next: 10%
Magic:  6/6        EV:  8    Int:  9    God:    Okawaru [......]
Gold:   147        SH:  8    Dex:  8    Spells: 5/5 levels left

rFire    . . .     SeeInvis .   a - +0 flail
rCold    . . .     Faith    .   c - +0 kite shield
rNeg     . . .     Spirit   .   b - +0 robe
rPois    .         Reflect  .   (helmet restricted)
rElec    .         Harm     .   (no cloak)
rCorr    .         Rampage  .   (gloves unavailable)
Will     .....                  (boots unavailable)
Stlth    +.........             (no amulet)
HPRegen  0.21/turn              (no ring)
MPRegen  0.10/turn              (no ring)

@: no status effects
A: large, unfitting armour, tough skin 1
a: Renounce Religion


You were on level 4 of the Dungeon.
You worshipped Okawaru.
Okawaru was noncommittal.
You visited 2 branches of the dungeon, and saw 5 of its levels.

You collected 147 gold pieces.

Inventory:

Hand Weapons
 a - a +0 flail (weapon)
Missiles
 e - 14 stones (quivered)
Armour
 b - a +0 robe (worn)
 c - a +0 kite shield (worn)
Jewellery
 m - a ring of ice
Wands
 i - a wand of paralysis (22)
Scrolls
 f - a scroll of identify {unknown}
 g - a scroll of blinking {unknown}
 h - a scroll of teleportation {unknown}
 j - a scroll of immolation {unknown}
Potions
 d - a potion of brilliance {unknown}
 k - 2 potions of curing {unknown}
 n - a potion of flight {unknown}


   Skills:
 + Level 6.0 Fighting
 * Level 4.7 Maces & Flails
 - Level 2.6 Dodging
 - Level 2.6 Shields


You had 5 spell levels left.
You didn't know any spells.
Your spell library contained the following spells:

 Spells                   Type           Power      Damage    Failure   Level
 Confusing Touch          Hex            0%         N/A       99%         3
 Gell's Gravitas          Tloc           0%         N/A       99%         3
 Petrify                  Tmut/Erth      0%         N/A       100%        4
 Metabolic Englaciation   Hex/Ice        0%         N/A       100%        5
 Yara's Violent Unravell  Hex/Tmut       0%         3d3       100%        5


Dungeon Overview and Level Annotations

Branches:
Dungeon (4/15)             Temple (1/1) D:4

Altars:
Ashenzari
Cheibriados
Dithmenos
Elyvilon
Fedhas
Gozag
Kikubaaqudgha
Makhleb
Nemelex Xobeh
Okawaru
Qazlal
Ru
Sif Muna
Trog
Uskayaw
Vehumet
Wu Jian
Yredelemnul
Zin
The Shining One


Innate Abilities, Weirdness & Mutations

You are too large for most types of armour.
You have tough skin. (AC +1)


Message History

The scorpion is severely wounded.
You feel extremely sick. The scorpion stings you.
* * * LOW HITPOINT WARNING * * *
You are more poisoned.
The scorpion poisons you!
You barely miss the scorpion.
The scorpion is severely wounded.
* * * LOW HITPOINT WARNING * * *
You feel extremely sick. You block the scorpion's attack.
You closely miss the scorpion.
The scorpion is severely wounded.
You feel sick.
The scorpion stings you but does no damage.
You block the scorpion's attack.
Unknown command.
You closely miss the scorpion.
The scorpion is severely wounded.
You feel sick.
You are no longer poisoned.
The scorpion stings you.
* * * LOW HITPOINT WARNING * * *
You closely miss the scorpion.
The scorpion is severely wounded.
The scorpion stings you.
* * * LOW HITPOINT WARNING * * *
The scorpion closely misses you.
You hit the scorpion.
The scorpion is severely wounded.
You block the scorpion's attack.
Unknown command.
You closely miss the scorpion.
The scorpion is severely wounded.
The scorpion closely misses you.
Unknown command.
You closely miss the scorpion.
The scorpion is severely wounded.
The scorpion stings you!
You die...

....'...ยง####'####....#
....#.(.......#'########
... #.(......#.........#
. #..(.....#.........#
#........#.........#
#...(....#.........#
#....((..#.........#
#.....s..#.........#
#...<..@...........#
#########.#####.##.#
#....##.##.####
#.............#
#............<#
#.............#
#.............#
#.............#
###############


You could see a scorpion.

Vanquished Creatures
  A phantom (D:4)
  A howler monkey (D:4)
  4 adders
  2 oozes (D:1)
  A worm (D:2)
  A dart slug (D:1)
  3 orcs (D:4)
  5 removed leopard geckos
  2 ball pythons (D:1)
  2 bats (D:3)
  3 giant cockroaches
  3 goblins
  11 hobgoblins
  4 jackals (D:2)
  10 kobolds
  3 quokkas
  2 frilled lizards (D:1)
  6 rats
  A removed leopard gecko skeleton (D:4)
65 creatures vanquished.

Notes
Turn   | Place    | Note
-------+----------+-------------------------------------------
     0 | D:1      | lunkers the Ogre Fighter began the quest for the Orb.
     0 | D:1      | Reached XP level 1. HP: 24/24 MP: 1/1
   275 | D:1      | Reached XP level 2. HP: 30/32 MP: 2/2
   464 | D:1      | Reached XP level 3. HP: 4/40 MP: 3/3
  1797 | D:2      | Reached XP level 4. HP: 29/49 MP: 4/4
  2069 | D:2      | Reached skill level 5 in Fighting
  2371 | D:2      | Found a white marble altar of Elyvilon.
  3659 | D:3      | Reached XP level 5. HP: 57/57 MP: 5/5
  3684 | D:3      | Found a faded altar of an unknown god.
  3879 | D:4      | Found a staircase to the Ecumenical Temple.
  3902 | Temple   | Entered the Ecumenical Temple
  4051 | Temple   | Upgraded the game from 0.27-a0-668-gb5737ff2c0 to
                  | 0.27-a0-732-ga892ba84f6
  4063 | Temple   | Became a worshipper of Warmaster Okawaru
  4089 | D:4      | Noticed a phantom
  4341 | D:4      | Killed a phantom
  4475 | D:4      | Reached skill level 6 in Fighting
  4475 | D:4      | Reached XP level 6. HP: 37/67 MP: 6/6
  4513 | D:4      | Slain by a scorpion

Illustrated notes

Levels and vault maps discovered:
D:1:      dpeg_arrival_central, layout_loops_ring, minmay_hexomino_f4
D:2:      layout_basic, chequers_avenue, hangedman_decor_growths,
          elyvilon_altar_3
D:3:      layout_basic, chequers_ecumenical_altar_lobes
D:4:      layout_gridville, temple_green, gammafunk_ghost_smash, uniq_ijyb
Temple:   regret_index_temple_chain_breaker

Skill      XL: |  1  2  3  4  5 |
---------------+----------------+-----
Maces & Flails | 2 3 4 |  4.7
Fighting       | 5 6 |  6.0
Dodging        | |  2.6
Shields        | |  2.6

Action                   |  1- 3 |  4- 6 || total
-------------------------+-------+-------++-------
Melee: Flail             |   109 |   136 ||   245
Throw: Stone             |    48 |    27 ||    75
       Dart              |       |    14 ||    14
  Use: Potion            |     1 |       ||     1
Armor: Robe              |    24 |    17 ||    41
Dodge: Dodged            |    46 |    54 ||   100
Block: Kite shield       |    66 |    55 ||   121

Table legend: (Time is in decaauts)
 A = Elapsed time spent in this place.
 B = Non-inter-level travel time spent in this place.
 C = Inter-level travel time spent in this place.
 D = Time resting spent in this place.
 E = Time spent auto-exploring this place.
 F = Levels seen in this place.
 G = Mean time per level.
                   A        B        C        D        E       F      G
               +--------+--------+--------+--------+--------+-----+--------+
         Total |   4654 |   4531 |    123 |    221 |   3614 |   5 |  930.8 |
       Dungeon |   4285 |   4184 |    101 |     26 |   3481 |   4 | 1071.2 |
        Temple |    369 |    347 |     22 |    195 |    133 |   1 |  369.0 |
               +--------+--------+--------+--------+--------+-----+--------+

Top non-repeatable levels by time:
     D:1: 1598 daAuts
     D:2: 1436 daAuts
     D:3: 895 daAuts
  Temple: 369 daAuts
     D:4: 355 daAuts
